[Event "44th Chess Olympiad Women 2022"]
[Site "Chennai"]
[Date "2022.08.09"]
[Round "11.18"]
[White "Gueci, Tea"]
[Black "Guillen Cristobal, Sandra N"]
[Result "1/2-1/2"]
[ECO "B31"]
[WhiteElo "2254"]
[BlackElo "1962"]
[Annotator "RC"]
[PlyCount "172"]
[EventDate "2022.07.29"]
[EventType "team-tourn"]
[EventCountry "IND"]
[SourceTitle "playchess.com"]
[Source "ChessBase"]
[SourceQuality "1"]
[WhiteTeam "Italy"]
[BlackTeam "Mexico"]
[WhiteTeamCountry "ITA"]
[BlackTeamCountry "MEX"]
[TimeControl "40/5400+30:1800+30"]

1. e4 c5 2. Nf3 Nc6 3. Bb5 g6 4. c3 Nf6 5. Qe2 Bg7 6. O-O O-O 7. d4 cxd4 8. cxd4 d5 9. e5 Ne4 10. Be3 Bd7 11. Ne1 f6 12. Bxc6 Bxc6 13. f3 Ng5 14. Qd2 Ne6 15. exf6 exf6 16. Nc3 Qd7 17. Rd1 Rad8 18. Bf2 f5 19. Nd3 f4 20. Rfe1 Qd6 21. Ne5 Rf5 22. Nxc6 bxc6 23. Re2 g5 24. Qd3 Rf7 25. Rde1 Re8 26. h3 Qd7 27. Na4 Ree7 28. Kf1 Bf6 29. b3 Ng7 30. Nc5 Qc8 31. Qc2 Rxe2 32. Rxe2 Re7 33. Rxe7 Bxe7 34. Nd3 Qe6 35. Qe2 Qxe2+ 36. Kxe2 Bd6 37. a4 Kf7 38. Kd2 Ke6 39. Kc3 Nf5 40. Ne1 a5 41. Nc2 Be7 42. Kd3 h5 43. Be1 Bd8 44. b4 axb4 45. Bxb4 Kd7 46. Bd2 Bc7 47. Bc3 Bd6 48. Ke2 Kc7 49. Ne1 c5 50. dxc5 Bxc5 51. Bf6 Be7 52. Bxe7 Nxe7 53. Nd3 Nc6 54. h4 Nd4+ 55. Kf2 gxh4 56. Nxf4 Kc6 57. Nxh5 Nf5 58. Nf4 Kc5 59. Kg1 d4 60. Kh2 Kb4 61. Kh3 Kxa4 62. Kg4 Ne3+ 63. Kxh4 d3 64. Nxd3 Nxg2+ 65. Kg3 Ne3 66. Kf4 Ng2+ 67. Ke4 Kb5 68. Kd5 Ne3+ 69. Ke5 Kc4 70. Ne1 Nd5 71. Ng2 Kc5 72. Nf4 Ne7 73. Ke6 Nc6 74. Ne2 Nd8+ 75. Kf6 Kd6 76. f4 Ne6 77. f5 Nf8 78. Nd4 Nd7+ 79. Kg6 Ne5+ 80. Kg7 Ng4 81. Nf3 Ke7 82. Ng5 Nf6 83. Nf3 Nh5+ 84. Kg6 Nf4+ 85. Kg5 Ne6+ 86. Kg4 Ng7 1/2-1/2

[Event "44th Chess Olympiad Women 2022"]
[Site "Chennai"]
[Date "2022.08.09"]
[Round "11.18"]
[White "Guerrero Rodriguez, Alejandra"]
[Black "Zimina, Olga"]
[Result "0-1"]
[ECO "B10"]
[WhiteElo "2006"]
[BlackElo "2340"]
[Annotator "RC"]
[PlyCount "86"]
[EventDate "2022.07.29"]
[EventType "team-tourn"]
[EventCountry "IND"]
[SourceTitle "playchess.com"]
[Source "ChessBase"]
[SourceQuality "1"]
[WhiteTeam "Mexico"]
[BlackTeam "Italy"]
[WhiteTeamCountry "MEX"]
[BlackTeamCountry "ITA"]
[TimeControl "40/5400+30:1800+30"]

1. e4 c6 2. Nf3 d5 3. d3 dxe4 4. dxe4 Qxd1+ 5. Kxd1 g6 6. Be3 Bg7 7. c3 Nf6 8. Nbd2 Ng4 9. Nc4 Nxe3+ 10. Nxe3 Nd7 11. Bc4 Nc5 12. e5 b5 13. Be2 Bd7 14. h4 h5 15. Ke1 Na4 16. Rb1 O-O 17. Bd1 Nb6 18. Bb3 Rad8 19. Rd1 e6 20. Ke2 Nd5 21. g3 Bc8 22. Nd4 Bb7 23. Bxd5 exd5 24. e6 Rde8 25. exf7+ Rxf7 26. b4 Bc8 27. Rd3 Bg4+ 28. Ke1 Bd7 29. f4 a5 30. a3 axb4 31. axb4 Bxd4 32. cxd4 Ra8 33. Kf2 Ra2+ 34. Kf3 Rb2 35. g4 hxg4+ 36. Nxg4 Kg7 37. Ne5 Bf5 38. Re3 Ra7 39. Nxc6 Raa2 40. Rg1 Rf2+ 41. Kg3 Rh2 42. Kf3 Raf2+ 43. Kg3 Rc2 0-1

[Event "44th Chess Olympiad Women 2022"]
[Site "Chennai"]
[Date "2022.08.09"]
[Round "11.18"]
[White "Avila Fraire, Ameyalli"]
[Black "Raccanello, Marianna"]
[Result "0-1"]
[ECO "B26"]
[WhiteElo "1907"]
[BlackElo "2067"]
[Annotator "NA RC"]
[PlyCount "114"]
[EventDate "2022.07.29"]
[EventType "team-tourn"]
[EventCountry "IND"]
[SourceTitle "playchess.com"]
[Source "ChessBase"]
[SourceQuality "1"]
[WhiteTeam "Mexico"]
[BlackTeam "Italy"]
[WhiteTeamCountry "MEX"]
[BlackTeamCountry "ITA"]
[TimeControl "40/5400+30:1800+30"]

1. e4 c5 2. Nc3 Nc6 3. g3 g6 4. Bg2 Bg7 5. d3 e6 6. Be3 d6 7. Qd2 Nge7 8. Bh6 O-O 9. h4 Bxh6 10. Qxh6 f6 11. Qd2 e5 12. h5 g5 13. f4 h6 14. Nf3 Nd4 15. Nxg5 fxg5 16. fxg5 Bg4 17. gxh6 Nec6 18. Nd5 Kh7 19. c3 Nf3+ 20. Bxf3 Bxf3 21. Rf1 Rf7 22. Qe3 Qf8 23. Nc7 Rxc7 24. Rxf3 Qxh6 25. Ke2 Qxe3+ 26. Kxe3 Rg8 27. Rg1 Rcg7 28. Kf2 Nd8 29. Rf5 Ne6 30. Rf6 Rf8 31. Rf5 Rgf7 32. g4 Ng7 33. Rxf7 Rxf7+ 34. Ke3 Kh6 35. d4 cxd4+ 36. cxd4 Ne6 37. dxe5 dxe5 38. Rd1 Nd4 39. Rg1 Kg5 40. Rg3 Rf4 41. Rg2 Rf3+ 42. Kd2 Ne6 43. Ke2 Rf4 44. Rh2 Rxe4+ 45. Kf3 Rxg4 46. h6 Nd4+ 47. Kf2 Rf4+ 48. Kg2 Rf8 49. h7 Rh8 50. Kf2 Kg6 51. Ke3 Rxh7 52. Rxh7 Kxh7 53. Ke4 Nc6 54. Kf5 Kg7 55. a3 Kf7 56. b4 b5 57. Ke4 Ke6 0-1

[Event "44th Chess Olympiad Women 2022"]
[Site "Chennai"]
[Date "2022.08.09"]
[Round "11.19"]
[White "Cori T., Deysi"]
[Black "Khegay, Anjela"]
[Result "1-0"]
[ECO "A49"]
[WhiteElo "2371"]
[BlackElo "2131"]
[Annotator "RC"]
[PlyCount "67"]
[EventDate "2022.07.29"]
[EventType "team-tourn"]
[EventCountry "IND"]
[SourceTitle "playchess.com"]
[Source "ChessBase"]
[SourceQuality "1"]
[WhiteTeam "Peru"]
[BlackTeam "SGP"]
[WhiteTeamCountry "PER"]
[TimeControl "40/5400+30:1800+30"]

1. Nf3 Nf6 2. b3 g6 3. Bb2 Bg7 4. g3 O-O 5. Bg2 d6 6. d4 Nbd7 7. O-O c6 8. Nbd2 Qc7 9. a4 b6 10. Re1 Bb7 11. e4 e5 12. a5 Ba6 13. c4 c5 14. dxe5 dxe5 15. Nb1 Rfd8 16. Nc3 Nf8 17. Nd5 Nxd5 18. exd5 f6 19. Nd2 Rab8 20. axb6 Qxb6 21. Bc3 Re8 22. Ba5 Qb7 23. Ne4 Qxb3 24. Qxb3 Rxb3 25. Nxc5 Bxc4 26. Nxb3 Bxb3 27. d6 Be6 28. Bc6 Bd7 29. Rec1 f5 30. Bxd7 Nxd7 31. Rc7 Nb8 32. d7 Rf8 33. d8=Q Rxd8 34. Rxg7+ 1-0

[Event "44th Chess Olympiad Women 2022"]
[Site "Chennai"]
[Date "2022.08.09"]
[Round "11.19"]
[White "Paredes Bustamante, Paula Elizab"]
[Black "Hng, Mei-Xian Eunice"]
[Result "1-0"]
[ECO "B07"]
[WhiteElo "2162"]
[BlackElo "1823"]
[Annotator "RC"]
[PlyCount "57"]
[EventDate "2022.07.29"]
[EventType "team-tourn"]
[EventCountry "IND"]
[SourceTitle "playchess.com"]
[Source "ChessBase"]
[SourceQuality "1"]
[WhiteTeam "Peru"]
[BlackTeam "SGP"]
[WhiteTeamCountry "PER"]
[TimeControl "40/5400+30:1800+30"]

1. e4 d6 2. d4 Nf6 3. Nc3 g6 4. Be3 Bg7 5. Qd2 c6 6. O-O-O b5 7. f3 b4 8. Nb1 a5 9. Bh6 Bxh6 10. Qxh6 Qc7 11. Bc4 Nbd7 12. Nh3 Rf8 13. Bxf7+ Rxf7 14. Ng5 Ng8 15. Qh4 Ndf6 16. e5 h6 17. Nxf7 Kxf7 18. exf6 exf6 19. Rhe1 Be6 20. f4 f5 21. g4 fxg4 22. Nd2 Re8 23. Ne4 Bf5 24. Ng5+ Kf8 25. Rxe8+ Kxe8 26. Re1+ Kf8 27. Ne6+ Bxe6 28. Rxe6 Qf7 29. Qd8+ 1-0

[Event "44th Chess Olympiad Women 2022"]
[Site "Chennai"]
[Date "2022.08.09"]
[Round "11.19"]
[White "Hng, Mei-En Emmanuelle"]
[Black "Caballero Quijano, Mitzy Mishell"]
[Result "1/2-1/2"]
[ECO "C13"]
[WhiteElo "1997"]
[BlackElo "2035"]
[Annotator "NA RC"]
[PlyCount "144"]
[EventDate "2022.07.29"]
[EventType "team-tourn"]
[EventCountry "IND"]
[SourceTitle "playchess.com"]
[Source "ChessBase"]
[SourceQuality "1"]
[WhiteTeam "SGP"]
[BlackTeam "Peru"]
[BlackTeamCountry "PER"]
[TimeControl "40/5400+30:1800+30"]

1. e4 e6 2. d4 d5 3. Nc3 Nf6 4. Bg5 dxe4 5. Nxe4 Be7 6. Nxf6+ Bxf6 7. Bxf6 Qxf6 8. Nf3 O-O 9. c3 Nd7 10. Bd3 c5 11. Qe2 cxd4 12. cxd4 Nb6 13. O-O Nd5 14. g3 b6 15. Ne5 Rd8 16. a3 Bb7 17. Rfe1 Ne7 18. Rad1 g6 19. Be4 Bd5 20. Rd3 Qg7 21. Rc3 Nf5 22. Bxf5 exf5 23. Rc7 Qf6 24. Rec1 Qd6 25. Qe3 Be6 26. Nf3 Rd7 27. Rxd7 Qxd7 28. Qe5 Qd5 29. Ng5 Qxe5 30. dxe5 Bd5 31. f4 h6 32. Nh3 Be6 33. Kf2 Rd8 34. Ke3 a5 35. Ng1 Rd5 36. a4 Bd7 37. b3 b5 38. Ne2 bxa4 39. Nc3 Rc5 40. Kd4 Rc8 41. bxa4 Bxa4 42. Ra1 Rd8+ 43. Ke3 Bc2 44. Nb5 a4 45. Nd4 Bb3 46. Nxb3 axb3 47. Rb1 Rb8 48. Kd3 g5 49. Kc3 Kg7 50. Kb2 Kg6 51. Ra1 gxf4 52. gxf4 Rb4 53. Rg1+ Kh5 54. Rg7 Rxf4 55. Rxf7 Kg4 56. e6 Rf2+ 57. Kxb3 Rxh2 58. Rg7+ Kf4 59. e7 Re2 60. Kc4 h5 61. Kd5 h4 62. Kd6 h3 63. Rh7 Kg3 64. Rg7+ Kf3 65. Rh7 Kg2 66. Rg7+ Kf3 67. Rh7 Kg4 68. Rg7+ Kf3 69. Rh7 Kg3 70. Rg7+ Kf3 71. Rh7 h2 72. Rxh2 Rxh2 1/2-1/2

[Event "44th Chess Olympiad Women 2022"]
[Site "Chennai"]
[Date "2022.08.09"]
[Round "11.19"]
[White "Fang, Kun"]
[Black "Bravo Mallco, Kate Azumi"]
[Result "1-0"]
[ECO "B44"]
[WhiteElo "1766"]
[BlackElo "1958"]
[Annotator "TA"]
[PlyCount "163"]
[EventDate "2022.07.29"]
[EventType "team-tourn"]
[EventCountry "IND"]
[SourceTitle "playchess.com"]
[Source "ChessBase"]
[SourceQuality "1"]
[WhiteTeam "SGP"]
[BlackTeam "Peru"]
[BlackTeamCountry "PER"]
[TimeControl "40/5400+30:1800+30"]

1. e4 c5 2. Nf3 e6 3. d4 cxd4 4. Nxd4 Nf6 5. Bd3 Nc6 6. Be3 d5 7. Nxc6 bxc6 8. e5 Nd7 9. f4 Nc5 {[%emt 0:00:15] B44: Sicilian: Taimanov: 5 Nb5.} (9... Bc5 $15 10. Bxc5 Nxc5) 10. O-O Be7 11. Nd2 O-O {[%emt 0:05:09] The position is equal.} 12. Nb3 {[%emt 0:12:00] [#]} Nd7 $146 ({Predecessor:} 12... Nxd3 13. Qxd3 a5 14. Qd4 a4 15. Nc5 Ra5 16. Qc3 d4 17. Bxd4 {0-1 (17) Solino Nebot,L-Terrades Dalmau,A Aragon 1997}) 13. Nd4 Bc5 14. c3 (14. Qh5 g6 15. Qf3 Qb6 $11) (14. b4 {seems wilder.} Bb6 15. Qh5 g6 16. Qh6) 14... Bb6 (14... g6 $14) 15. Rf3 $16 {[%emt 0:03:24][%cal Od3h7] Strongly threatening Bxh7+! White is much more active. The black rooks are badly placed.} Bxd4 16. cxd4 g6 17. Rh3 Qe7 (17... f5 $16) 18. Rc1 $18 Bb7 19. f5 $1 exf5 20. Bh6 {[%emt 0:00:24][%cal Od3f5] And now Bxf5! would win.} Qe6 (20... Rfe8 $16) 21. Bxf8 Nxf8 22. Bf1 Qe7 23. Qd2 Nd7 $2 (23... Ne6 $16 24. Qh6 Nf8) 24. b4 (24. Qh6 $6 Nf8 25. Kh1 Re8 $16) (24. Rb3 $18 Nb6 25. Qh6) 24... f6 $2 (24... a6 $16 25. Bd3 (25. Qh6 f6 $16) 25... Nf8) 25. exf6 (25. b5 $142 Nb8 26. Qa5 fxe5 27. bxc6 Nxc6 28. Qxd5+ Kf8 29. Rxc6) 25... Nxf6 26. b5 $1 Ne4 27. Qf4 Rc8 (27... Qd7 {is a better defense.} 28. Rb3 Re8 29. bxc6 Bxc6) 28. bxc6 Bxc6 29. Ba6 Rc7 30. Bb5 Qb4 {[%emt 0:00:20] [#]} 31. Rd1 Rc8 (31... Qd6 $142 32. Qxd6 Nxd6 33. Bxc6 Rxc6) (31... Qe7 32. Bxc6) 32. Bxc6 Rxc6 33. Qe5 Qd6 {[%emt 0:00:56] [#]} 34. Qe8+ (34. Qxd6 $142 $1 {Qd8+ would kill now.} Nxd6 35. Ra3) 34... Kg7 $16 35. Rb3 Nf6 (35... Rc2 $16 {might work better.}) 36. Rb7+ $18 ({Don't play} 36. Qe5 Qc7 37. h3 Kh6) 36... Kh6 37. Qe3+ f4 38. Qh3+ Nh5 (38... Kg5 $16 {was worth a try.} 39. Rxa7 h5) 39. Rxa7 Qf6 (39... Rc2 $142 40. a4 Ra2) 40. Rd7 Rc2 41. Qb3 Qf5 {[%emt 0:03:07] Threatens to win with ...f3.} 42. Rxd5 ({Don't blunder} 42. Qxd5 $2 Qg4 43. Rf1 Nf6 44. Rxh7+ Kxh7 $19) 42... Qe4 43. Qf3 Qxf3 44. gxf3 Rxa2 {[%emt 0:00:04][%mdl 4096] Endgame KRR-KRN} 45. Rc5 Nf6 46. d5 Nd7 47. Rc3 Kg5 48. d6 Kf6 49. Rc4 g5 50. Re4 Ra8 51. Rd5 ({Weaker is} 51. Re7 Ne5 52. Rxh7 Nxf3+ 53. Kf2 Ne5 $18) 51... Rd8 52. h4 h6 53. hxg5+ hxg5 54. Rb5 Nf8 55. Rd4 Ne6 56. Rdd5 Rd7 57. Kf2 Ng7 58. Ke2 Ne8 59. Rf5+ Kg6 60. Rxg5+ Kf6 $2 (60... Kf7 $18 61. Rbf5+ Ke6 62. Re5+ Kf7 63. Rgf5+ Nf6 64. Rxf4 Rxd6) 61. Rbf5+ {[%emt 0:00:28] White mates.} Ke6 62. Re5+ Kf7 63. Rgf5+ Nf6 64. Re7+ Rxe7+ 65. dxe7 Kxe7 66. Rxf4 {[%emt 0:00:03] KR-KN} Ke6 67. Ra4 Kf5 68. Kf2 Kg5 69. Rc4 Kf5 70. Rd4 Ke5 71. Ra4 Kf5 72. Kg3 Nh5+ 73. Kh4 Nf6 74. f4 Nd7 75. Kg3 Nf8 76. Kf3 Ne6 77. Ra5+ Kf6 78. Kg4 Ng7 79. Ra6+ Kf7 80. Ra7+ Kf6 {[%emt 0:00:09] [#]} 81. Rxg7 $1 Kxg7 82. Kg5 {[%emt 0:00:08] Weighted Error Value: White=0.27 (precise) /Black=0.62} 1-0

[Event "44th Chess Olympiad Women 2022"]
[Site "Chennai"]
[Date "2022.08.09"]
[Round "11.20"]
[White "Zahedifar, Anahita"]
[Black "Avelino, Camila Biscaya"]
[Result "1-0"]
[ECO "E73"]
[WhiteElo "2160"]
[BlackElo "1863"]
[Annotator "RC"]
[PlyCount "67"]
[EventDate "2022.07.29"]
[EventType "team-tourn"]
[EventCountry "IND"]
[SourceTitle "playchess.com"]
[Source "ChessBase"]
[SourceQuality "1"]
[WhiteTeam "Iran"]
[BlackTeam "Portugal"]
[WhiteTeamCountry "IRI"]
[BlackTeamCountry "POR"]
[TimeControl "40/5400+30:1800+30"]

1. d4 Nf6 2. c4 g6 3. h4 Bg7 4. Nc3 d6 5. e4 O-O 6. Be2 c5 7. d5 e6 8. h5 exd5 9. exd5 Re8 10. hxg6 fxg6 11. Nf3 Nbd7 12. Kf1 Ne4 13. Nxe4 Rxe4 14. Ng5 Rd4 15. Qb3 Nf6 16. Be3 Ne4 17. Nf3 Qf8 18. Bd3 Rxd3 19. Qxd3 Bxb2 20. Re1 Bf5 21. Qb3 Bg7 22. Kg1 Re8 23. Nh4 Bc8 24. Qc2 Bc3 25. Re2 Bg4 26. Bh6 Qxh6 27. Rxe4 Rxe4 28. Qxe4 Be5 29. g3 Bh5 30. f4 Bd4+ 31. Kg2 Qf8 32. Qe6+ Kg7 33. Re1 Bf6 34. Qd7+ 1-0

[Event "44th Chess Olympiad Women 2022"]
[Site "Chennai"]
[Date "2022.08.09"]
[Round "11.20"]
[White "Masoumi, Sahar"]
[Black "Pipiras, Filipa Fortuna"]
[Result "1/2-1/2"]
[ECO "B22"]
[WhiteElo "1956"]
[BlackElo "2139"]
[Annotator "RC"]
[PlyCount "151"]
[EventDate "2022.07.29"]
[EventType "team-tourn"]
[EventCountry "IND"]
[SourceTitle "playchess.com"]
[Source "ChessBase"]
[SourceQuality "1"]
[WhiteTeam "Iran"]
[BlackTeam "Portugal"]
[WhiteTeamCountry "IRI"]
[BlackTeamCountry "POR"]
[TimeControl "40/5400+30:1800+30"]

1. e4 c5 2. Nf3 e6 3. c3 Nf6 4. e5 Nd5 5. d4 cxd4 6. cxd4 d6 7. Bc4 Nb6 8. Bd3 Nc6 9. a3 Be7 10. O-O Bd7 11. Nc3 Rc8 12. exd6 Bxd6 13. Re1 Be7 14. Bc2 O-O 15. Qd3 g6 16. Bf4 Nd5 17. Bg3 Bf6 18. Rad1 a6 19. Ne5 Nxe5 20. dxe5 Be7 21. Nxd5 exd5 22. Bb3 Bf5 23. Qxd5 Qxd5 24. Rxd5 Be6 25. Rd3 Bxb3 26. Rxb3 b5 27. h3 Rc2 28. Rd1 Bc5 29. Rdd3 Rc1+ 30. Kh2 Rc2 31. Rdc3 Rxc3 32. Rxc3 Bd4 33. Rc2 Re8 34. f4 g5 35. fxg5 Bxe5 36. Bxe5 Rxe5 37. h4 Re4 38. g3 Kg7 39. Kg2 Re3 40. Kh3 Rb3 41. Rd2 a5 42. Rc2 a4 43. Rf2 b4 44. axb4 Rxb4 45. Rf4 Rxb2 46. Rxa4 Rb6 47. Ra7 Kg6 48. Ra8 f6 49. gxf6 Rxf6 50. Rg8+ Kf7 51. Rg5 Ra6 52. h5 h6 53. Rb5 Ra7 54. Rb6 Kg7 55. Rg6+ Kh7 56. Re6 Rb7 57. Kg4 Rg7+ 58. Kf4 Rf7+ 59. Ke4 Rg7 60. Kf4 Rf7+ 61. Kg4 Rg7+ 62. Kh4 Ra7 63. Kh3 Rg7 64. Rf6 Ra7 65. Re6 Rg7 66. g4 Ra7 67. Kg3 Rf7 68. Rd6 Kg7 69. Rd5 Kh7 70. Rf5 Ra7 71. Rf3 Kg7 72. Kf4 Ra4+ 73. Kf5 Ra5+ 74. Kf4 Ra4+ 75. Kf5 Ra5+ 76. Kf4 1/2-1/2

[Event "44th Chess Olympiad Women 2022"]
[Site "Chennai"]
[Date "2022.08.09"]
[Round "11.20"]
[White "Silva, Mariana Sofia T."]
[Black "Mahdian, Anousha"]
[Result "0-1"]
[ECO "D30"]
[WhiteElo "1912"]
[BlackElo "2161"]
[Annotator "RC"]
[PlyCount "126"]
[EventDate "2022.07.29"]
[EventType "team-tourn"]
[EventCountry "IND"]
[SourceTitle "playchess.com"]
[Source "ChessBase"]
[SourceQuality "1"]
[WhiteTeam "Portugal"]
[BlackTeam "Iran"]
[WhiteTeamCountry "POR"]
[BlackTeamCountry "IRI"]
[TimeControl "40/5400+30:1800+30"]

1. d4 d5 2. c4 e6 3. Nf3 a6 4. g3 dxc4 5. Bg2 b5 6. a4 Bb7 7. O-O Nd7 8. b3 cxb3 9. Qxb3 b4 10. a5 Ngf6 11. Nbd2 Be7 12. Bb2 O-O 13. Rfc1 c5 14. Nc4 Rc8 15. Qd1 Bd5 16. dxc5 Rxc5 17. Qd4 Bxc4 18. Rxc4 e5 19. Qd3 e4 20. Rxe4 Nxe4 21. Qxe4 Bf6 22. Bxf6 Nxf6 23. Qxb4 Rb5 24. Qc3 Nd5 25. Qd2 Nb4 26. Nd4 Nc2 27. Qxc2 Qxd4 28. Rd1 Qb4 29. Be4 g6 30. h4 Qxa5 31. Rd6 Rb6 32. Rd5 Qa1+ 33. Kg2 Rb5 34. Rd6 a5 35. Qc4 Qe5 36. Qd3 Rb3 37. Qxb3 Qxd6 38. h5 Qe5 39. Bf3 gxh5 40. Qa4 Qg5 41. Kh2 Rd8 42. Qc4 h4 43. gxh4 Qe5+ 44. Kg2 Rd4 45. Qc8+ Kg7 46. Qh3 Qe6 47. Qh2 Qg6+ 48. Kh3 Qf5+ 49. Kg2 Qf4 50. Qh1 Qxh4 51. Qa1 Qg5+ 52. Kf1 Qe5 53. e3 Re4 54. Qd1 Rb4 55. Bd5 Qf6 56. e4 Rb2 57. Qg4+ Qg6 58. Qf4 Qa6+ 59. Kg2 Qf6 60. Qe3 h6 61. e5 Qg5+ 62. Qxg5+ hxg5 63. Kf3 a4 0-1

[Event "44th Chess Olympiad Women 2022"]
[Site "Chennai"]
[Date "2022.08.09"]
[Round "11.20"]
[White "Silva, Ana Ines Teixeira Da"]
[Black "Asgharzadeh, Mitra"]
[Result "0-1"]
[ECO "B25"]
[WhiteElo "1775"]
[BlackElo "1988"]
[Annotator "TA"]
[PlyCount "56"]
[EventDate "2022.07.29"]
[EventType "team-tourn"]
[EventCountry "IND"]
[SourceTitle "playchess.com"]
[Source "ChessBase"]
[SourceQuality "1"]
[WhiteTeam "Portugal"]
[BlackTeam "Iran"]
[WhiteTeamCountry "POR"]
[BlackTeamCountry "IRI"]
[TimeControl "40/5400+30:1800+30"]

1. e4 c5 2. Nc3 Nc6 3. g3 g6 4. Bg2 Bg7 5. d3 d6 6. f4 e6 7. Be3 Nge7 8. Nf3 O-O 9. O-O Rb8 10. Qd2 b5 11. Nd1 b4 12. g4 {[%emt 0:04:22] B25: Closed Sicilian: 3 g3, lines without early Be3.} f5 13. gxf5 exf5 {[%emt 0:02:12] [#]} 14. Kh1 $146 {[%emt 0:06:11] Black has an edge.} ({Predecessor:} 14. Qf2 fxe4 15. dxe4 d5 16. Qh4 Nd4 17. Ne5 dxe4 18. Bxe4 Bf5 19. Nf2 Ne2+ 20. Kg2 Bxe4+ 21. Nxe4 Qd5 {0-1 (21) Richmond,J (2125)-Adair,J (2481) Wakefield 2017}) 14... Kh8 15. e5 (15. Re1 $15) 15... dxe5 16. Nxe5 Nxe5 17. fxe5 Qc7 18. Qf2 $2 {[%emt 0:12:53][%mdl 8192] [#] This move loses the game for White.} (18. a3 $17 {is tougher.}) 18... f4 $1 $19 19. Bxc5 f3 $1 20. Bd6 fxg2+ 21. Qxg2 {[%emt 0:00:11] [#]} Bb7 $1 22. Rf3 {[%emt 0:34:30] [#]} (22. Ne3 Bxg2+) 22... Rxf3 $1 23. Kg1 {[%emt 0:01:11] Prevents Rf1+.} (23. Nc3 bxc3) 23... Qb6+ {[%emt 0:00:14] Black mates.} 24. d4 Qxd4+ 25. Nf2 {[%emt 0:00:16] [#]} Rbf8 $1 26. Bxe7 (26. Bc5 Qxc5) 26... Rxf2 27. Qxb7 Rf1+ 28. Kg2 Qg4# {[%emt 0:00:14] Weighted Error Value: White=1.40/Black=0.03 (flawless)} 0-1

[Event "44th Chess Olympiad Women 2022"]
[Site "Chennai"]
[Date "2022.08.09"]
[Round "11.21"]
[White "Ouellet, Maili-Jade"]
[Black "Zuriel, Marisa"]
[Result "1-0"]
[ECO "A59"]
[WhiteElo "2239"]
[BlackElo "2174"]
[Annotator "RC"]
[PlyCount "122"]
[EventDate "2022.07.29"]
[EventType "team-tourn"]
[EventCountry "IND"]
[SourceTitle "playchess.com"]
[Source "ChessBase"]
[SourceQuality "1"]
[WhiteTeam "Canada"]
[BlackTeam "Argentina"]
[WhiteTeamCountry "CAN"]
[BlackTeamCountry "ARG"]
[TimeControl "40/5400+30:1800+30"]

1. d4 Nf6 2. c4 c5 3. d5 b5 4. cxb5 a6 5. bxa6 g6 6. Nc3 Bxa6 7. e4 Bxf1 8. Kxf1 d6 9. g3 Bg7 10. Kg2 O-O 11. Nf3 Qb6 12. h3 Nbd7 13. Qc2 Rfb8 14. Rd1 Ne8 15. Nd2 Nc7 16. Rb1 Nb5 17. Nc4 Qa6 18. Nxb5 Rxb5 19. a3 Rab8 20. b3 Ne5 21. Nxe5 Bxe5 22. Rd3 c4 23. Rf3 c3 24. b4 Qb7 25. Bf4 Bg7 26. Rd3 Ra8 27. Bc1 e6 28. Qb3 exd5 29. Rxd5 Re8 30. Qa4 Rb8 31. Qxb5 Qxb5 32. Rxb5 Rxb5 33. a4 Rb8 34. b5 Bd4 35. a5 Kf8 36. b6 Ke7 37. Kf3 Kd7 38. b7 Kc7 39. a6 f5 40. exf5 gxf5 41. Be3 Bxe3 42. fxe3 c2 43. Rc1 Kb6 44. Rxc2 Kxa6 45. Rc6+ Kxb7 46. Rxd6 Kc7 47. Rf6 Rb5 48. Kf4 Kd7 49. Rxf5 Rb4+ 50. e4 Ke6 51. Rh5 Rb1 52. Rh6+ Kf7 53. Rxh7+ Kg6 54. Ra7 Rf1+ 55. Kg4 Re1 56. Ra6+ Kf7 57. Kf3 Rf1+ 58. Ke2 Rb1 59. h4 Rb3 60. Kf2 Rc3 61. h5 Kg7 1-0

[Event "44th Chess Olympiad Women 2022"]
[Site "Chennai"]
[Date "2022.08.09"]
[Round "11.21"]
[White "Campos, Maria Jose"]
[Black "Demchenko, Svitlana"]
[Result "1-0"]
[ECO "A21"]
[WhiteElo "2185"]
[BlackElo "2122"]
[Annotator "RC"]
[PlyCount "103"]
[EventDate "2022.07.29"]
[EventType "team-tourn"]
[EventCountry "IND"]
[SourceTitle "playchess.com"]
[Source "ChessBase"]
[SourceQuality "1"]
[WhiteTeam "Argentina"]
[BlackTeam "Canada"]
[WhiteTeamCountry "ARG"]
[BlackTeamCountry "CAN"]
[TimeControl "40/5400+30:1800+30"]

1. c4 f5 2. g3 Nf6 3. Bg2 g6 4. Nc3 Bg7 5. e3 O-O 6. Nge2 e5 7. d3 d6 8. O-O c6 9. f4 Be6 10. b3 Na6 11. Qd2 Re8 12. Bb2 Qd7 13. Rad1 Rad8 14. h3 Nc7 15. Kh2 b5 16. Rc1 bxc4 17. dxc4 Na6 18. Rfd1 Qc7 19. Na4 Ne4 20. Qc2 Nb4 21. Qb1 Nf2 22. Rd2 e4 23. Bxg7 Qxg7 24. a3 Nbd3 25. Rf1 Qh6 26. Kg1 Nxh3+ 27. Bxh3 Qxh3 28. Nb2 Nc5 29. b4 Nd7 30. Qe1 Nf6 31. Nd4 Ng4 32. Nxc6 Rd7 33. Rg2 h5 34. Nd4 Rh7 35. Nxe6 Rxe6 36. Nd1 h4 37. Nf2 Nxf2 38. Qxf2 hxg3 39. Qxg3 Qh5 40. Rh2 Qxh2+ 41. Qxh2 Rxh2 42. Kxh2 Kf7 43. Rd1 Kf6 44. Rd5 g5 45. Kg3 g4 46. a4 Re8 47. Rxd6+ Ke7 48. Rd5 Kf6 49. c5 Rh8 50. c6 Rh3+ 51. Kg2 Rh7 52. Rd6+ 1-0

[Event "44th Chess Olympiad Women 2022"]
[Site "Chennai"]
[Date "2022.08.09"]
[Round "11.21"]
[White "Sarquis, Maria Belen"]
[Black "Guo, Yu Han"]
[Result "1-0"]
[ECO "B10"]
[WhiteElo "2072"]
[BlackElo "1630"]
[Annotator "NA RC"]
[PlyCount "89"]
[EventDate "2022.07.29"]
[EventType "team-tourn"]
[EventCountry "IND"]
[SourceTitle "playchess.com"]
[Source "ChessBase"]
[SourceQuality "1"]
[WhiteTeam "Argentina"]
[BlackTeam "Canada"]
[WhiteTeamCountry "ARG"]
[BlackTeamCountry "CAN"]
[TimeControl "40/5400+30:1800+30"]

1. e4 c6 2. Nf3 d5 3. exd5 cxd5 4. Ne5 Nf6 5. d4 g6 6. Bb5+ Nbd7 7. c3 Bg7 8. Nd2 O-O 9. Nxd7 Bxd7 10. Bd3 Qc7 11. O-O Ng4 12. Nf3 f6 13. h3 Nh6 14. Bc2 Kh8 15. Re1 Rae8 16. Nh4 f5 17. Qf3 e6 18. Bf4 Qd8 19. Qg3 Nf7 20. Nf3 Bf6 21. h4 Rg8 22. Ng5 Kg7 23. Nxf7 Kxf7 24. Bg5 h6 25. Bxf6 Qxf6 26. Re2 g5 27. hxg5 Rxg5 28. Qc7 Re7 29. Qe5 Qg6 30. f3 h5 31. Bb3 Bb5 32. Rf2 Bc6 33. Re1 h4 34. Kh2 Kf8 35. Qh8+ Kf7 36. Qe5 Kg8 37. c4 dxc4 38. Bxc4 Kh7 39. Rg1 Rg3 40. d5 Rg7 41. dxc6 h3 42. Bxe6 Qh5 43. Qxf5+ Kh6 44. Qxh5+ Kxh5 45. c7 1-0

[Event "44th Chess Olympiad Women 2022"]
[Site "Chennai"]
[Date "2022.08.09"]
[Round "11.21"]
[White "Mills, Morgen"]
[Black "Borda Rodas, Anapaola S."]
[Result "1/2-1/2"]
[ECO "C68"]
[WhiteElo "1993"]
[BlackElo "2183"]
[Annotator "RC"]
[PlyCount "92"]
[EventDate "2022.07.29"]
[EventType "team-tourn"]
[EventCountry "IND"]
[SourceTitle "playchess.com"]
[Source "ChessBase"]
[SourceQuality "1"]
[WhiteTeam "Canada"]
[BlackTeam "Argentina"]
[WhiteTeamCountry "CAN"]
[BlackTeamCountry "ARG"]
[TimeControl "40/5400+30:1800+30"]

1. e4 e5 2. Nf3 Nc6 3. Bb5 a6 4. Bxc6 dxc6 5. O-O Bg4 6. h3 h5 7. d3 Qf6 8. Nbd2 g5 9. Nc4 Bxf3 10. Qxf3 Qxf3 11. gxf3 f6 12. h4 gxh4 13. f4 b5 14. Ne3 exf4 15. Ng2 Bd6 16. f3 Ne7 17. Nxf4 Kf7 18. Kf2 Rag8 19. Be3 Ng6 20. Nh3 Ne5 21. Ke2 Rg3 22. Nf4 c5 23. Rf2 f5 24. Rh1 Ng6 25. Nxg6 Rxg6 26. Rxh4 Bg3 27. Rh3 Bxf2 28. Bxf2 Rc6 29. Ke3 a5 30. Kf4 fxe4 31. dxe4 a4 32. Ke5 b4 33. Rh2 Rhh6 34. Be3 Rhe6+ 35. Kd5 c4 36. e5 c3 37. b3 axb3 38. axb3 Ra6 39. f4 Rh6 40. f5 Rh7 41. Bg5 Ra5+ 42. Ke4 h4 43. e6+ Kf8 44. Rh3 Rh5 45. Kf4 Rd5 46. Kg4 Rh8 1/2-1/2